 Dungeon Crawl Stone Soup version 0.27-a0-1278-g6cbc8dfb29 (webtiles) character file.

Game seed: 17605802042285314323

146 porpoise the Skirmisher (level 5, -2/43 HPs)
             Began as a Demonspawn Monk on June 12, 2021.
             Slain by a wyvern (13 damage)
             ... on level 4 of the Dungeon.
             The game lasted 00:09:34 (3933 turns).

porpoise the Skirmisher (Demonspawn Monk)           Turns: 3933, Time: 00:09:35

Health: -2/43      AC:  7    Str: 12    XL:     5   Next: 7%
Magic:  5/5        EV: 11    Int: 13    God:
Gold:   138        SH:  0    Dex: 16    Spells: 4/4 levels left

rFire    + . .     SeeInvis .   a - +0 mace
rCold    + . .     Faith    .   (no shield)
rNeg     + . .     Spirit   .   u - +0 ring mail
rPois    .         Reflect  .   (no helmet)
rElec    .         Harm     .   (no cloak)
rCorr    .         Rampage  .   (no gloves)
Will     .....                  (no boots)
Stlth    +.........             (no amulet)
HPRegen  0.14/turn              t - ring of positive energy
MPRegen  0.09/turn              (no ring)

@: no status effects
A: yellow scales 1, powered by death 1, clever 1, cold resistance 1, fire
resistance 1
a: no special abilities


You were on level 4 of the Dungeon.
You visited 1 branch of the dungeon, and saw 4 of its levels.

You collected 138 gold pieces.

Inventory:

Hand Weapons
 a - a +0 mace (weapon)
Missiles
 d - 7 javelins
 f - 59 arrows
 h - 49 bolts
 i - 45 stones
 k - 13 poisoned darts (quivered)
 n - 17 sling bullets
 o - 7 curare-tipped darts
Armour
 u - a +0 ring mail (worn)
Jewellery
 t - a ring of positive energy (left hand)
Scrolls
 b - a scroll of summoning {unknown}
 e - a scroll of magic mapping {unknown}
 g - a scroll of identify
 j - a scroll of blinking {unknown}
 l - a scroll of silence {unknown}
 p - a scroll of amnesia {unknown}
 q - a scroll of vulnerability {unknown}
 s - a scroll of holy word {unknown}
Potions
 c - a potion of mutation
 m - a potion of magic
 r - a potion of degeneration {unknown}


   Skills:
 + Level 4.6 Fighting
 + Level 4.2 Maces & Flails
 - Level 2.6 Dodging
 - Level 1.7 Stealth


You had 4 spell levels left.
You didn't know any spells.
Your spell library was empty.

Dungeon Overview and Level Annotations

Branches:
Dungeon (4/15)
 Temple: D:4-7

Altars:
Fedhas

Annotations:
D:3 2 runed translucent doors, IdlyInterested's ghost, amateur HOMo


Innate Abilities, Weirdness & Mutations

You are partially covered in yellow scales. (AC +2)
You regenerate a little health from kills.
Your mind is acute. (Int +2)
Your flesh is cold resistant. (rC+)
Your flesh is heat resistant. (rF+)


Message History

The ball python hisses angrily.
The jackal barks!
The dart slug launches a dart at you.
The slug dart hits you but does no damage.
You miss the jackal. The jackal barely misses you.
You barely miss the jackal. The jackal closely misses you.
The jackal bites you but does no damage.
You sock the jackal!
You kill the jackal!
You hit the ball python.
The ball python is moderately wounded.
The ball python bites you but does no damage.
The ball python closely misses you.
The ball python bites you but does no damage.
The ball python grabs you. The ball python constricts you.
You sock the ball python!
You kill the ball python!
You sock the dart slug!
The dart slug is severely wounded.
The dart slug barely misses you.
You hit the dart slug but do no damage.
The dart slug is severely wounded.
The dart slug barely misses you.
You hit the dart slug.
You kill the dart slug!
You start waiting.
A wyvern is nearby!
The wyvern bites you!
You see here a jackal corpse.
You closely miss the wyvern. The wyvern bites you!
You are too injured to fight recklessly!
You aren't carrying any items that you can evoke.
Unknown command.
Unknown command.
As you read the scroll labelled EDESEUZATT, it crumbles to dust.
It is a scroll of identify.
m - a potion of magic The wyvern bites you!
* * * LOW HITPOINT WARNING * * *
The wyvern bites you!
You die...

###+###.####...##...###
#........#............#
#........#............#
+........#..........>.#
#........#............#
#........#............#
#........#............#
#######.####.l.###....#
#.###.@#..#######
#.....#....#
#....##.....#
#....#.......# #...##
..#....# #[..# ........
######+####.#.# :.....#
.....#........# #... #.
.....#.........#


You could see a wyvern.

Vanquished Creatures
  A hound (D:3)
  A hound skeleton (D:2)
  2 adders (D:2)
  A worm (D:2)
  7 dart slugs
  2 orcs
  6 ball pythons
  5 endoplasms
  A giant cockroach (D:1)
  7 goblins
  2 hobgoblins (D:1)
  12 jackals
  5 bats
  4 frilled lizards
  4 kobolds
  A rat (D:3)
61 creatures vanquished.

Notes
Turn   | Place    | Note
-------+----------+-------------------------------------------
     0 | D:1      | porpoise the Demonspawn Monk began the quest for the Orb.
     0 | D:1      | Reached XP level 1. HP: 18/18 MP: 1/1
   193 | D:1      | Gained mutation: You are partially covered in yellow
                  | scales. (AC +2) [demonic ancestry]
   193 | D:1      | Reached XP level 2. HP: 10/24 MP: 2/2
   911 | D:1      | Gained mutation: You regenerate a little health from kills.
                  | [demonic ancestry]
   911 | D:1      | Reached XP level 3. HP: 29/29 MP: 3/3
  1639 | D:2      | Gained mutation: Your flesh is heat resistant. (rF+)
                  | [potion of mutation]
  1639 | D:2      | Gained mutation: Your mind is acute. (Int +2) [potion of
                  | mutation]
  1639 | D:2      | Gained mutation: Your flesh is cold resistant. (rC+)
                  | [potion of mutation]
  1646 | D:2      | HP: 2/45 [poisoned by an adder]
  2595 | D:2      | Reached XP level 4. HP: 29/37 MP: 4/4
  3211 | D:3      | Found a large runed translucent door.
  3211 | D:3      | Found a large runed translucent door.
  3211 | D:3      | Noticed IdlyInterested's ghost (amateur HOMo)
  3465 | D:3      | Found a blossoming altar of Fedhas.
  3526 | D:3      | Upgraded the game from 0.27-a0-1273-gec92ba881d to
                  | 0.27-a0-1278-g6cbc8dfb29
  3762 | D:4      | Reached XP level 5. HP: 40/43 MP: 5/5
  3907 | D:4      | Noticed a wyvern
  3933 | D:4      | Slain by a wyvern

Illustrated notes

Levels and vault maps discovered:
D:1:      dpeg_arrival_short_road, layout_rooms
D:2:      layout_basic, chequers_serial_rivers_micro_d
D:3:      layout_rooms, lemuel_round_altar, ebering_ghost_disaster_area
D:4:      layout_gridville, minmay_temple_entry_mist,
          gammafunk_ghost_nasty_kobolds, minmay_manual_moon

Skill      XL: |  1  2  3  4 |
---------------+-------------+-----
Maces & Flails | 3 4 |  4.2
Fighting       | 4 |  4.6
Dodging        | |  2.6
Stealth        | |  1.7

Action                   |  1- 3 |  4- 6 || total
-------------------------+-------+-------++-------
Melee: Mace              |   105 |    88 ||   193
Throw: Stone             |    11 |       ||    11
       Javelin           |     7 |       ||     7
       Dart              |       |    27 ||    27
  Use: Potion            |     3 |       ||     3
       Scroll            |       |     1 ||     1
 Stab: Sleeping          |     3 |     1 ||     4
Armor: Robe              |    25 |    13 ||    38
       Skin              |     8 |       ||     8
       Ring mail         |       |    11 ||    11
Dodge: Dodged            |    70 |    45 ||   115

Table legend: (Time is in decaauts)
 A = Elapsed time spent in this place.
 B = Non-inter-level travel time spent in this place.
 C = Inter-level travel time spent in this place.
 D = Time resting spent in this place.
 E = Time spent auto-exploring this place.
 F = Levels seen in this place.
 G = Mean time per level.
                   A        B        C        D        E       F      G
               +--------+--------+--------+--------+--------+-----+--------+
         Total |   3978 |   3941 |     37 |   1920 |   1453 |   4 |  994.5 |
       Dungeon |   3978 |   3941 |     37 |   1920 |   1453 |   4 |  994.5 |
               +--------+--------+--------+--------+--------+-----+--------+

Top non-repeatable levels by time:
     D:2: 1830 daAuts
     D:1: 1082 daAuts
     D:3: 819 daAuts
     D:4: 246 daAuts
